 Dungeon Crawl Stone Soup version 0.29-a0-233-g1125b37a9b (webtiles) character file.

Game seed: 1672114641636076885

161449 sanka the Cleaver (level 17, -2/205 HPs)
             Began as a Gnoll Berserker on Mar 1, 2022.
             Was a High Priest of Trog.
             Slain by a spark wasp (11 damage)
             ... on level 2 of the Depths.
             The game lasted 01:04:49 (25535 turns).

sanka the Cleaver (Gnoll Berserker)                Turns: 25535, Time: 01:04:50

Health: -2/205     AC: 39    Str: 26    XL:     17   Next: 78%
Magic:  32/32      EV: 12    Int:  9    God:    Trog [*****.]
Gold:   3620       SH: 15    Dex: 22    Spells: 39/39 levels left

rFire   + + +      SeeInvis +   a - +12 broad axe "Puicsemoj" {freeze, rF+ Str+3, !d}
rCold   + . .      Faith    .   g - +2 buckler of Hospitality {rPois Regen+}
rNeg    + + .      Spirit   .   U - +9 crystal plate armour {rC+}
rPois   +          Reflect  +   K - +2 helmet of Vethro {Dex+5}
rElec   .          Harm     .   y - +0 cloak
rCorr   +          Rampage  .   (no gloves)
Will    ++...                   N - +2 pair of boots
Stlth   ..........              c - amulet of reflection
HPRegen 1.24/turn               t - ring of Zeonkeh {rN+ rCorr Str-2 Int+2 SInv}
MPRegen 0.23/turn               e - ring of Grontol {rF++ rN+ Will+ Str+6 Stlth-}

@: berserking (expiring), lethally poisoned (-2 -> -13), very quick
A: fangs 1, strong nose, distributed training
a: Renounce Religion, Berserk, Trog's Hand, Brothers in Arms


You were on level 2 of the Depths.
You worshipped Trog.
Trog was extremely pleased with you.
You visited 4 branches of the dungeon, and saw 25 of its levels.
You also visited: Trove and Ice Cave.

You collected 4487 gold pieces.
You spent 867 gold pieces at shops.


Innate Abilities, Weirdness & Mutations

You have very sharp teeth.
Your uncanny sense of smell can sniff out nearby items.
Your experience applies equally to all skills.


   Skills:
 + Level 13.5 Fighting
 + Level 11.9 Short Blades
 + Level 11.9 Long Blades
 + Level 13.5 Axes
 + Level 11.9 Maces & Flails
 + Level 11.9 Polearms
 + Level 11.9 Staves
 + Level 11.9 Slings
 + Level 11.9 Bows
 + Level 11.9 Crossbows
 + Level 11.9 Throwing
 + Level 12.7 Armour
 + Level 12.7 Dodging
 + Level 11.9 Stealth
 + Level 11.9 Shields
 + Level 11.9 Unarmed Combat
 + Level 11.9 Spellcasting
 + Level 10.1 Conjurations
 + Level 10.1 Hexes
 + Level 10.1 Summonings
 + Level 10.1 Necromancy
 + Level 10.1 Translocations
 + Level 10.1 Transmutations
 + Level 10.1 Fire Magic
 + Level 10.1 Ice Magic
 + Level 10.1 Air Magic
 + Level 10.1 Earth Magic
 + Level 10.1 Poison Magic
 + Level 12.9 Invocations
 + Level 11.9 Evocations


You had 39 spell levels left.
You didn't know any spells.
Your spell library contained the following spells:

 Spells                   Type           Power      Damage    Failure   Level
 Animate Skeleton         Necr           46%        N/A       7%          1
 Apportation              Tloc           46%        N/A       7%          1
 Foxfire                  Conj/Fire      92%        2x1d8     7%          1
 Pain                     Necr           92%        1d8       7%          1
 Summon Small Mammal      Summ           92%        N/A       7%          1
 Corpse Rot               Necr/Air       46%        N/A       10%         2
 Poisonous Vapours        Pois/Air       46%        N/A       10%         2
 Conjure Flame            Conj/Fire      23%        6-21      21%         3
 Inner Flame              Hex/Fire       23%        N/A       21%         3
 Ozocubu's Armour         Ice            23%        N/A       21%         3
 Tukima's Dance           Hex            23%        N/A       21%         3
 Anguish                  Hex/Necr       11%        N/A       54%         4
 Flame Wave               Conj/Fire      23%        2d7       54%         4
 Olgreb's Toxic Radiance  Pois           23%        N/A       54%         4
 Summon Ice Beast         Ice/Summ       23%        N/A       54%         4
 Agony                    Necr           23%        N/A       88%         5
 Excruciating Wounds      Necr           11%        N/A       88%         5
 Metabolic Englaciation   Hex/Ice        11%        N/A       88%         5
 Summon Mana Viper        Hex/Summ       23%        N/A       88%         5
 Simulacrum               Ice/Necr       11%        N/A       100%        6
 Enfeeble                 Hex            11%        N/A       100%        7
 Monstrous Menagerie      Summ           11%        N/A       100%        7
 Ozocubu's Refrigeration  Ice            11%        4d7       100%        7
 Ignition                 Fire           11%        3d5       100%        8

Inventory:

Hand Weapons
 a - the +12 broad axe "Puicsemoj" (weapon) {freeze, rF+ Str+3, !d}

   It freezes those it strikes, dealing additional cold damage.
   It can also slow down cold-blooded creatures.
   Str:       It affects your strength (+3).
   rF:        It protects you from fire.
 b - a +2 hand axe of flaming
 L - a +4 antimagic double sword
Missiles
 s - 20 boomerangs (quivered)
 H - 13 curare-tipped darts {=f}
 R - 6 javelins
 Y - a throwing net {=f}
Armour
 g - the +2 buckler of Hospitality (worn) {rPois Regen+} rPois: It protects you from poison. Regen: It increases your rate of health regeneration.
 y - a +0 cloak (worn)
 K - the +2 helmet of Vethro (worn) {Dex+5}

   Dex:       It affects your dexterity (+5).
 N - a +2 pair of boots (worn)
 U - a +9 crystal plate armour of cold resistance (worn)
Jewellery
 c - an amulet of reflection (around neck)
 e - the ring of Grontol (right hand) {rF++ rN+ Will+ Str+6 Stlth-}

   [ring of strength]

   Str:       It affects your strength (+6).
   rF:        It greatly protects you from fire.
   rN:        It protects you from negative energy.
   Will:      It increases your willpower.
   Stlth:     It makes you less stealthy.
 f - an amulet of regeneration
 m - a ring of protection from cold
 q - a +6 ring of dexterity
 t - the ring of Zeonkeh (left hand) {rN+ rCorr Str-2 Int+2 SInv}

   [ring of see invisible]

   Str:       It affects your strength (-2).
   Int:       It affects your intelligence (+2).
   rN:        It protects you from negative energy.
   SInv:      It lets you see invisible.
   rCorr:     It protects you from acid and corrosion.
Wands
 r - a wand of digging (9)
 A - a wand of charming (13)
 C - a wand of mindburst (11)
 I - a wand of iceblast (31)
 J - a wand of paralysis (4)
 Z - a wand of acid (7)
Scrolls
 d - 4 scrolls of immolation {!r}
 h - 2 scrolls of magic mapping
 k - 4 scrolls of vulnerability {!r}
 p - a scroll of fog
 z - a scroll of silence {!r}
 D - 7 scrolls of teleportation {@r4}
 F - 4 scrolls of blinking
 M - 2 scrolls of holy word
 O - 3 scrolls of fear
 S - a scroll of summoning
 W - 3 scrolls of enchant weapon
Potions
 j - 2 potions of invisibility {unknown}
 l - 13 potions of curing {@q1}
 n - a potion of lignification {unknown}
 o - 4 potions of flight
 u - a potion of resistance {unknown}
 w - 2 potions of berserk rage {unknown}
 x - 5 potions of heal wounds {@q2}
 B - 2 potions of might
 E - 5 potions of ambrosia
 P - 3 potions of haste {unknown}
 Q - 2 potions of attraction {unknown}
 T - 2 potions of mutation {unknown}
 V - 3 potions of degeneration {unknown}
Miscellaneous
 i - a phial of floods
 G - a phantom mirror
 X - a tin of tremorstones (2/2)

Dungeon Overview and Level Annotations

Branches:
Dungeon (15/15)            Temple (0/1) D:7            Lair (6/6) D:11
  Swamp (0/4) Lair:4        Snake (0/4) Lair:4        Slime (0/5) Lair:6
    Orc (2/2) D:11            Elf (0/3) Orc:2        Vaults (0/5) D:14
 Depths (2/4) D:15          IceCv (visited)

Altars:
Cheibriados
Dithmenos
Kikubaaqudgha
Trog
Lugonu

Shops:
D:10 *   D:11 (   Orc:2 *:[(

Portals:
Hell: Depths:1
Abyss: Lair:6 Depths:1
Pandemonium: Depths:1

.............▒
.............▒▒
..▒▒▒▒▒▒▒▒....▒ ░░░░░
▒▒▒ ▒▒▒...▒▒ ░,,,░░
▒......▒▒▒ ░░░░,,,,░
▒........▒ ░,,░,,,░░
▒...▒....▒▒▒,,,,,,░
▒...▒....y.▒,,,,,░░░ ▒
▒▒▒...▒▒▒.gQ.▒░,,,,,,░
▒▒▒ ▒.....▒
▒..)..▒░░,,,,░░░░░░
..▒ ▒▒....▒▒
▒▒▒.....▒░,,,░,,░,,
..▒▒▒▒....▒▒
░▒.....▒,,,░,,,,,
...▒.....▒▒
░.(....,^,,,,,,,
........▒▒
░▒▒▒...,,,,,,,,,
▒......▒▒
░,.>.,░,,,░░,,
▒▒...▒▒▒
░,,.▒░░,,,░░,, ▒▒▒▒▒
░░░░░ ░░░░░░░░


You could see a spark wasp and a tengu warrior.


Message History

You block the tengu warrior's attack. You block the tengu warrior's attack.
The spark wasp stings you!!
* * * LOW HITPOINT WARNING * * *
The spark wasp shocks you!
* * * LOW HITPOINT WARNING * * *
The tengu warrior hits you but does no damage.
The tengu warrior pecks you but does no damage.
The tengu warrior claws you but does no damage.
You closely miss the tengu warrior.
The tengu warrior is almost dead.
You miss the tengu warrior. You hit the spark wasp. You freeze the spark wasp.
* * * LOW HITPOINT WARNING * * *
You feel very sick. You block the spark wasp's attack.
The tengu warrior hits you but does no damage.
The tengu warrior pecks you but does no damage.
You block the tengu warrior's attack.
You slice the tengu warrior!! You freeze the tengu warrior.
You kill the tengu warrior!
Trog accepts your kill.
You closely miss the tengu warrior. You barely miss the spark wasp.
* * * LOW HITPOINT WARNING * * *
You feel very sick. The spark wasp stings you!
You die...

Action                   |  1- 3 |  4- 6 |  7- 9 | 10-12 | 13-15 | 16-18 || total
-------------------------+-------+-------+-------+-------+-------+-------++-------
Melee: Hand axe          |    81 |    71 |   160 |       |    25 |    55 ||   392
       Bite              |     4 |     3 |    39 |    33 |   129 |    98 ||   306
       Punch             |     1 |     1 |    12 |       |       |       ||    14
       War axe           |       |       |   198 |       |       |       ||   198
       Broad axe         |       |       |    10 |   380 |   850 |   570 ||  1810
       Flail             |       |       |       |     4 |    40 |       ||    44
Throw: Dart              |       |       |       |    20 |       |       ||    20
       Boomerang         |       |       |       |       |       |     4 ||     4
Invok: Berserk           |     1 |     3 |     8 |    11 |     6 |    10 ||    39
       Trog's Hand       |       |       |       |     1 |       |     3 ||     4
Evoke: Wand              |       |       |       |    11 |     1 |     2 ||    14
  Use: Potion            |       |       |     1 |       |     2 |     3 ||     6
       Scroll            |       |       |       |    12 |     7 |     7 ||    26
 Stab: Sleeping          |     2 |     2 |     8 |       |       |       ||    12
       Distracted        |       |     1 |       |       |       |     2 ||     3
       Petrified         |       |       |       |     2 |       |       ||     2
Armor: Animal skin       |    12 |     7 |     3 |       |       |       ||    22
       Leather armour    |       |       |    31 |       |       |       ||    31
       Ring mail         |       |       |    90 |    99 |       |       ||   189
       Crystal plate arm |       |       |       |    77 |   502 |   354 ||   933
Dodge: Dodged            |    51 |    57 |   270 |   195 |   339 |   253 ||  1165
Block: Buckler           |       |       |       |   117 |   481 |   467 ||  1065
       Reflection        |       |       |       |       |     2 |    10 ||    12

Levels and vault maps discovered:
D:1:      amcnicky_arrival_single_pillar, layout_basic
D:2:      layout_basic, basic_altar, chequers_ecumenical_altar_simple
D:3:      layout_loops_corners, gammafunk_ghost_arena
D:4:      layout_gridville, grunt_ministairs_15, uniq_blork_the_orc, uniq_pikel,
          uniq_robin
D:5:      layout_cave_pools
D:6:      layout_layer_cave
D:7:      layout_loops_ring, minmay_temple_entry_sparse_star, hex_medium,
          centaur_isle, uniq_menkaure
D:8:      layout_cave_pools
D:9:      layout_loops_corners
D:10:     layout_small_grid, kennysheep_mini_moat,
          nicolae_trove_entry_path_of_doom, nicolae_shop_sticking_my_neck_out
D:11:     layout_roguey, lair_entry_dummy, orc_0_dummy, serial_shops,
          kennysheep_mini, portal_ice_cave_rime, minivault_16
D:12:     layout_layer_cave, evilmike_minifort
D:13:     layout_roguey, cheibriados_altar_1
D:14:     cheibrodos_orc_bank, layout_basic, ximxim_vaults_locker_room,
          palyth_stone_intersect, gammafunk_ghost_cemetery
D:15:     grunt_enter_depths_hoard, layout_loops_ring,
          ebering_ghost_reflecting_pool, minmay_misc_feat_rugged,
          minmay_misc_feat_doors, small_chamber_with_monster,
          nicolae_two_hexagons
Lair:1:   layout_cave_pods, grunt_megastairs_1, infiniplex_staircase_pool_2
Lair:2:   lemuel_ratsnest, layout_gridlike, lemuel_fruit_tree
Lair:3:   nzn_winding_woodlands_cross [nzn_winding_woodlands_5x15_longhouse,
          nzn_winding_woodlands_5x15_default,
          nzn_winding_woodlands_5x15_split_checker,
          nzn_winding_woodlands_5x15_pockets,
          nzn_winding_woodlands_15x15_five_gardens], layout_cave_pods,
          serial_bayou_pond_d, lemuel_old_faithful
Lair:4:   layout_regular_city, palyth_hydra_swamp_entry, dummy_snake_entry
Lair:5:   layout_loops_ring, uniq_snorg
Lair:6:   hellmonk_lair_end_abyssal_woods, layout_cave_pods, slime_dummy,
          grunt_megastairs_5, serial_bayou_shore_b, uniq_nessos
Orc:1:    layout_caves
Orc:2:    grunt_orc_gardens, layout_caves, grunt_orc_garden, grunt_orc_garden,
          grunt_orc_garden, grunt_orc_garden
Depths:1: layout_honeycomb, grunt_decor_junction,
          nicolae_abyss_entry_one_way_or_another, rand_demon_pan_entry_9,
          hell_entry, grunt_ministairs_10, hangedman_decor_points,
          chequers_serial_rivers_room_a, kennysheep_vampire_church
Depths:2: hangedman_cross_stitches, layout_twisted_cross, abyss_entry,
          rand_demon_pan_entry_5, nicolae_qazlal_general_emergency, hell_entry,
          infiniplex_staircase_hallway_doors

Notes
Turn   | Place    | Note
-------+----------+-------------------------------------------
     0 | D:1      | sanka the Gnoll Berserker began the quest for the Orb.
     0 | D:1      | Reached XP level 1. HP: 23/23 MP: 1/1
   159 | D:1      | Reached XP level 2. HP: 20/29 MP: 2/2
   707 | D:1      | Reached XP level 3. HP: 34/35 MP: 3/3
   727 | D:1      | Reached ** piety under Trog
   781 | D:2      | Found a faded altar of an unknown god.
   894 | D:2      | Found a shadowy altar of Dithmenos.
   901 | D:2      | Reached skill level 1 in Invocations
   991 | D:2      | Noticed a scorpion
   995 | D:2      | Killed a scorpion
   996 | D:2      | Reached skill level 1 in Short Blades
   996 | D:2      | Reached skill level 1 in Long Blades
   996 | D:2      | Reached skill level 1 in Maces & Flails
   996 | D:2      | Reached skill level 1 in Polearms
   996 | D:2      | Reached skill level 1 in Staves
   996 | D:2      | Reached skill level 1 in Slings
   996 | D:2      | Reached skill level 1 in Bows
   996 | D:2      | Reached skill level 1 in Crossbows
   996 | D:2      | Reached skill level 1 in Throwing
   996 | D:2      | Reached skill level 1 in Stealth
   996 | D:2      | Reached skill level 1 in Shields
   996 | D:2      | Reached skill level 1 in Unarmed Combat
   996 | D:2      | Reached skill level 1 in Spellcasting
   996 | D:2      | Reached skill level 1 in Conjurations
   996 | D:2      | Reached skill level 1 in Hexes
   996 | D:2      | Reached skill level 1 in Summonings
   996 | D:2      | Reached skill level 1 in Necromancy
   996 | D:2      | Reached skill level 1 in Translocations
   996 | D:2      | Reached skill level 1 in Transmutations
   996 | D:2      | Reached skill level 1 in Fire Magic
   996 | D:2      | Reached skill level 1 in Ice Magic
   996 | D:2      | Reached skill level 1 in Air Magic
   996 | D:2      | Reached skill level 1 in Earth Magic
   996 | D:2      | Reached skill level 1 in Poison Magic
   996 | D:2      | Reached skill level 1 in Evocations
   996 | D:2      | Reached XP level 4. HP: 41/41 MP: 5/5
  1370 | D:6      | Noticed a centaur
  1376 | D:6      | Killed a centaur
  1377 | D:6      | Reached XP level 5. HP: 47/47 MP: 5/7
  1409 | D:5      | Entered Level 5 of the Dungeon
  1535 | D:5      | Reached skill level 2 in Invocations
  1535 | D:5      | Reached XP level 6. HP: 49/53 MP: 8/8
  1553 | D:5      | Noticed an ice beast
  1560 | D:5      | Reached skill level 2 in Short Blades
  1560 | D:5      | Reached skill level 2 in Long Blades
  1560 | D:5      | Reached skill level 2 in Maces & Flails
  1560 | D:5      | Reached skill level 2 in Polearms
  1560 | D:5      | Reached skill level 2 in Staves
  1560 | D:5      | Reached skill level 2 in Slings
  1560 | D:5      | Reached skill level 2 in Bows
  1560 | D:5      | Reached skill level 2 in Crossbows
  1560 | D:5      | Reached skill level 2 in Throwing
  1560 | D:5      | Reached skill level 5 in Armour
  1560 | D:5      | Reached skill level 5 in Dodging
  1560 | D:5      | Reached skill level 2 in Stealth
  1560 | D:5      | Reached skill level 2 in Shields
  1560 | D:5      | Reached skill level 2 in Unarmed Combat
  1560 | D:5      | Reached skill level 2 in Spellcasting
  1560 | D:5      | Reached skill level 2 in Evocations
  1568 | D:5      | Killed an ice beast
  1569 | D:5      | Reached skill level 7 in Fighting
  1569 | D:5      | Reached skill level 7 in Axes
  1569 | D:5      | Reached XP level 7. HP: 40/60 MP: 8/10
  1638 | D:4      | Noticed Robin
  1657 | D:4      | Killed Robin
  1714 | D:4      | Noticed Pikel
  1849 | D:4      | Reached skill level 2 in Conjurations
  1849 | D:4      | Reached skill level 2 in Hexes
  1849 | D:4      | Reached skill level 2 in Summonings
  1849 | D:4      | Reached skill level 2 in Necromancy
  1849 | D:4      | Reached skill level 2 in Translocations
  1849 | D:4      | Reached skill level 2 in Transmutations
  1849 | D:4      | Reached skill level 2 in Fire Magic
  1849 | D:4      | Reached skill level 2 in Ice Magic
  1849 | D:4      | Reached skill level 2 in Air Magic
  1849 | D:4      | Reached skill level 2 in Earth Magic
  1849 | D:4      | Reached skill level 2 in Poison Magic
  1852 | D:3      | Found a transporter.
  1879 | D:3      | Identified the +1 leather armour of Waxuss {Str+2}
  2235 | D:3      | Reached *** piety under Trog
  2435 | D:3      | Found a transporter.
  2436 | D:3      | Noticed anonymous's ghost (amateur NaGl)
  2760 | D:3      | Killed anonymous's ghost
  2761 | D:3      | Reached skill level 3 in Invocations
  2957 | D:4      | Reached XP level 8. HP: 67/67 MP: 12/12
  3029 | D:4      | Killed Pikel
  3030 | D:4      | Reached skill level 3 in Short Blades
  3030 | D:4      | Reached skill level 3 in Long Blades
  3030 | D:4      | Reached skill level 3 in Maces & Flails
  3030 | D:4      | Reached skill level 3 in Polearms
  3030 | D:4      | Reached skill level 3 in Staves
  3030 | D:4      | Reached skill level 3 in Slings
  3030 | D:4      | Reached skill level 3 in Bows
  3030 | D:4      | Reached skill level 3 in Crossbows
  3030 | D:4      | Reached skill level 3 in Throwing
  3030 | D:4      | Reached skill level 3 in Stealth
  3030 | D:4      | Reached skill level 3 in Shields
  3030 | D:4      | Reached skill level 3 in Unarmed Combat
  3030 | D:4      | Reached skill level 3 in Spellcasting
  3030 | D:4      | Reached skill level 3 in Evocations
  3079 | D:4      | Noticed Blork the orc
  3095 | D:4      | Killed Blork the orc
  3855 | D:5      | Reached skill level 4 in Invocations
  3971 | D:5      | Reached skill level 3 in Conjurations
  3971 | D:5      | Reached skill level 3 in Hexes
  3971 | D:5      | Reached skill level 3 in Summonings
  3971 | D:5      | Reached skill level 3 in Necromancy
  3971 | D:5      | Reached skill level 3 in Translocations
  3971 | D:5      | Reached skill level 3 in Transmutations
  3971 | D:5      | Reached skill level 3 in Fire Magic
  3971 | D:5      | Reached skill level 3 in Ice Magic
  3971 | D:5      | Reached skill level 3 in Air Magic
  3971 | D:5      | Reached skill level 3 in Earth Magic
  3971 | D:5      | Reached skill level 3 in Poison Magic
  4220 | D:6      | Reached skill level 6 in Armour
  4220 | D:6      | Reached skill level 6 in Dodging
  4437 | D:6      | Reached XP level 9. HP: 72/72 MP: 14/14
  4622 | D:6      | Reached skill level 4 in Short Blades
  4622 | D:6      | Reached skill level 4 in Long Blades
  4622 | D:6      | Reached skill level 4 in Maces & Flails
  4622 | D:6      | Reached skill level 4 in Polearms
  4622 | D:6      | Reached skill level 4 in Staves
  4622 | D:6      | Reached skill level 4 in Slings
  4622 | D:6      | Reached skill level 4 in Bows
  4622 | D:6      | Reached skill level 4 in Crossbows
  4622 | D:6      | Reached skill level 4 in Throwing
  4622 | D:6      | Reached skill level 4 in Stealth
  4622 | D:6      | Reached skill level 4 in Shields
  4622 | D:6      | Reached skill level 4 in Unarmed Combat
  4622 | D:6      | Reached skill level 4 in Spellcasting
  4622 | D:6      | Reached skill level 4 in Evocations
  5357 | D:7      | Noticed Menkaure
  5391 | D:7      | Killed Menkaure
  5596 | D:7      | HP: 6/74 [killer bee (6)]
  5686 | D:7      | Reached skill level 8 in Fighting
  5686 | D:7      | Reached skill level 8 in Axes
  5782 | D:7      | Identified +0 steam dragon scales
  5885 | D:7      | Found a staircase to the Ecumenical Temple.
  5899 | D:7      | Reached skill level 5 in Invocations
  6233 | D:8      | Identified the +12 broad axe "Puicsemoj" {freeze, rF+
                  | Str+3}
  6301 | D:8      | Reached XP level 10. HP: 80/80 MP: 15/17
  6303 | D:8      | Reached **** piety under Trog
  6393 | D:8      | Reached skill level 4 in Conjurations
  6393 | D:8      | Reached skill level 4 in Hexes
  6393 | D:8      | Reached skill level 4 in Summonings
  6393 | D:8      | Reached skill level 4 in Necromancy
  6393 | D:8      | Reached skill level 4 in Translocations
  6393 | D:8      | Reached skill level 4 in Transmutations
  6393 | D:8      | Reached skill level 4 in Fire Magic
  6393 | D:8      | Reached skill level 4 in Ice Magic
  6393 | D:8      | Reached skill level 4 in Air Magic
  6393 | D:8      | Reached skill level 4 in Earth Magic
  6393 | D:8      | Reached skill level 4 in Poison Magic
  6490 | D:8      | Reached skill level 5 in Short Blades
  6490 | D:8      | Reached skill level 5 in Long Blades
  6490 | D:8      | Reached skill level 5 in Maces & Flails
  6490 | D:8      | Reached skill level 5 in Polearms
  6490 | D:8      | Reached skill level 5 in Staves
  6490 | D:8      | Reached skill level 5 in Slings
  6490 | D:8      | Reached skill level 5 in Bows
  6490 | D:8      | Reached skill level 5 in Crossbows
  6490 | D:8      | Reached skill level 5 in Throwing
  6490 | D:8      | Reached skill level 5 in Stealth
  6490 | D:8      | Reached skill level 5 in Shields
  6490 | D:8      | Reached skill level 5 in Unarmed Combat
  6490 | D:8      | Reached skill level 5 in Spellcasting
  6490 | D:8      | Reached skill level 5 in Evocations
  6992 | D:9      | Reached skill level 7 in Armour
  6992 | D:9      | Reached skill level 7 in Dodging
  7568 | D:9      | Noticed a two-headed ogre
  7578 | D:9      | Killed a two-headed ogre
  7579 | D:9      | Reached skill level 6 in Invocations
  7821 | D:10     | Entered Level 10 of the Dungeon
  7829 | D:10     | Reached ***** piety under Trog
  7830 | D:10     | Reached XP level 11. HP: 85/87 MP: 19/19
  7904 | D:10     | Found a bloodstained altar of Trog.
  7909 | D:10     | Noticed a two-headed ogre
  7970 | D:10     | Found Nucweont's Neck Hole.
  8012 | D:10     | Reached skill level 9 in Fighting
  8012 | D:10     | Reached skill level 9 in Axes
  8014 | D:10     | Reached skill level 6 in Short Blades
  8014 | D:10     | Reached skill level 6 in Long Blades
  8014 | D:10     | Reached skill level 6 in Maces & Flails
  8014 | D:10     | Reached skill level 6 in Polearms
  8014 | D:10     | Reached skill level 6 in Staves
  8014 | D:10     | Reached skill level 6 in Slings
  8014 | D:10     | Reached skill level 6 in Bows
  8014 | D:10     | Reached skill level 6 in Crossbows
  8014 | D:10     | Reached skill level 6 in Throwing
  8014 | D:10     | Reached skill level 6 in Stealth
  8014 | D:10     | Reached skill level 6 in Shields
  8014 | D:10     | Reached skill level 6 in Unarmed Combat
  8014 | D:10     | Reached skill level 6 in Spellcasting
  8014 | D:10     | Reached skill level 6 in Evocations
  8053 | D:10     | Noticed a two-headed ogre
  8061 | D:10     | Killed a two-headed ogre
  8062 | D:10     | Reached skill level 5 in Conjurations
  8062 | D:10     | Reached skill level 5 in Hexes
  8062 | D:10     | Reached skill level 5 in Summonings
  8062 | D:10     | Reached skill level 5 in Necromancy
  8062 | D:10     | Reached skill level 5 in Translocations
  8062 | D:10     | Reached skill level 5 in Transmutations
  8062 | D:10     | Reached skill level 5 in Fire Magic
  8062 | D:10     | Reached skill level 5 in Ice Magic
  8062 | D:10     | Reached skill level 5 in Air Magic
  8062 | D:10     | Reached skill level 5 in Earth Magic
  8062 | D:10     | Reached skill level 5 in Poison Magic
  8297 | D:10     | Found a portal to a secret trove of treasure.
  8364 | Trove    | Entered a treasure trove
  8373 | Trove    | Identified the +2 helmet of Vethro {Dex+5}
  8386 | Trove    | Identified the amulet "Hyde" {Spirit Harm rC+++ Slay-3
                  | Stlth+}
  8392 | Trove    | Identified the ring of Grontol {rF++ rN+ Will+ Str+6
                  | Stlth-}
  8395 | Trove    | Identified the +2 buckler of Hospitality {rPois Regen+}
  8408 | Trove    | Identified the -4 buckler of the Enchanted Forest {Drain
                  | Str+5}
  8521 | D:10     | Killed a two-headed ogre
  8657 | D:11     | Found Cuetu's Antique Weapon Boutique.
  8705 | D:11     | Found a staircase to the Lair.
  8756 | D:11     | Noticed an orange crystal statue
  8833 | D:11     | Found a frozen archway.
  8844 | D:11     | Reached skill level 7 in Invocations
  8847 | D:11     | Reached skill level 8 in Armour
  8847 | D:11     | Reached skill level 8 in Dodging
  8853 | D:11     | Noticed a boulder beetle
  8866 | D:11     | Reached * piety under Trog
  8869 | D:11     | Killed a boulder beetle
  8899 | IceCv    | Entered an ice cave
  9391 | IceCv    | Reached XP level 12. HP: 94/96 MP: 22/22
  9620 | IceCv    | Noticed a reaper
  9637 | IceCv    | Killed a reaper
  9638 | IceCv    | Reached skill level 7 in Short Blades
  9638 | IceCv    | Reached skill level 7 in Long Blades
  9638 | IceCv    | Reached skill level 7 in Maces & Flails
  9638 | IceCv    | Reached skill level 7 in Polearms
  9638 | IceCv    | Reached skill level 7 in Staves
  9638 | IceCv    | Reached skill level 7 in Slings
  9638 | IceCv    | Reached skill level 7 in Bows
  9638 | IceCv    | Reached skill level 7 in Crossbows
  9638 | IceCv    | Reached skill level 7 in Throwing
  9638 | IceCv    | Reached skill level 7 in Stealth
  9638 | IceCv    | Reached skill level 7 in Shields
  9638 | IceCv    | Reached skill level 7 in Unarmed Combat
  9638 | IceCv    | Reached skill level 7 in Spellcasting
  9638 | IceCv    | Reached skill level 7 in Evocations
  9699 | IceCv    | Identified the ring of Zeonkeh {rN+ rCorr Str-2 Int+2 SInv}
  9719 | IceCv    | Identified a +2 crystal plate armour of cold resistance
 10052 | D:11     | Found a staircase to the Orcish Mines.
 10186 | D:11     | Noticed a two-headed ogre
 10193 | D:11     | Killed a two-headed ogre
 10194 | D:11     | Reached skill level 6 in Conjurations
 10194 | D:11     | Reached skill level 6 in Hexes
 10194 | D:11     | Reached skill level 6 in Summonings
 10194 | D:11     | Reached skill level 6 in Necromancy
 10194 | D:11     | Reached skill level 6 in Translocations
 10194 | D:11     | Reached skill level 6 in Transmutations
 10194 | D:11     | Reached skill level 6 in Fire Magic
 10194 | D:11     | Reached skill level 6 in Ice Magic
 10194 | D:11     | Reached skill level 6 in Air Magic
 10194 | D:11     | Reached skill level 6 in Earth Magic
 10194 | D:11     | Reached skill level 6 in Poison Magic
 10395 | D:11     | Noticed a two-headed ogre
 10395 | D:11     | Noticed an eight-headed hydra
 10544 | D:11     | Reached skill level 8 in Invocations
 10618 | Lair:1   | Entered Level 1 of the Lair of Beasts
 10841 | Lair:1   | Reached skill level 10 in Fighting
 10841 | Lair:1   | Reached skill level 10 in Axes
 11267 | Lair:1   | Noticed an eight-headed hydra
 11276 | Lair:1   | Killed an eight-headed hydra
 11277 | Lair:1   | Reached skill level 9 in Armour
 11277 | Lair:1   | Reached skill level 9 in Dodging
 11488 | Lair:2   | Noticed a catoblepas
 11505 | Lair:2   | Killed a catoblepas
 11646 | Lair:2   | Reached XP level 13. HP: 49/103 MP: 24/24
 11752 | Lair:2   | Reached skill level 8 in Short Blades
 11752 | Lair:2   | Reached skill level 8 in Long Blades
 11752 | Lair:2   | Reached skill level 8 in Maces & Flails
 11752 | Lair:2   | Reached skill level 8 in Polearms
 11752 | Lair:2   | Reached skill level 8 in Staves
 11752 | Lair:2   | Reached skill level 8 in Slings
 11752 | Lair:2   | Reached skill level 8 in Bows
 11752 | Lair:2   | Reached skill level 8 in Crossbows
 11752 | Lair:2   | Reached skill level 8 in Throwing
 11752 | Lair:2   | Reached skill level 8 in Stealth
 11752 | Lair:2   | Reached skill level 8 in Shields
 11752 | Lair:2   | Reached skill level 8 in Unarmed Combat
 11752 | Lair:2   | Reached skill level 8 in Spellcasting
 11752 | Lair:2   | Reached skill level 8 in Evocations
 12571 | Lair:3   | Reached skill level 9 in Invocations
 12703 | Lair:3   | Reached skill level 7 in Conjurations
 12703 | Lair:3   | Reached skill level 7 in Hexes
 12703 | Lair:3   | Reached skill level 7 in Summonings
 12703 | Lair:3   | Reached skill level 7 in Necromancy
 12703 | Lair:3   | Reached skill level 7 in Translocations
 12703 | Lair:3   | Reached skill level 7 in Transmutations
 12703 | Lair:3   | Reached skill level 7 in Fire Magic
 12703 | Lair:3   | Reached skill level 7 in Ice Magic
 12703 | Lair:3   | Reached skill level 7 in Air Magic
 12703 | Lair:3   | Reached skill level 7 in Earth Magic
 12703 | Lair:3   | Reached skill level 7 in Poison Magic
 13340 | Lair:3   | Reached skill level 11 in Fighting
 13340 | Lair:3   | Reached skill level 11 in Axes
 13340 | Lair:3   | Reached skill level 10 in Armour
 13340 | Lair:3   | Reached skill level 10 in Dodging
 13345 | Lair:3   | Reached XP level 14. HP: 103/113 MP: 26/26
 13880 | Lair:4   | Found a staircase to the Snake Pit.
 13887 | Lair:4   | Received a gift from Trog
 14219 | Lair:4   | Reached skill level 9 in Short Blades
 14219 | Lair:4   | Reached skill level 9 in Long Blades
 14219 | Lair:4   | Reached skill level 9 in Maces & Flails
 14219 | Lair:4   | Reached skill level 9 in Polearms
 14219 | Lair:4   | Reached skill level 9 in Staves
 14219 | Lair:4   | Reached skill level 9 in Slings
 14219 | Lair:4   | Reached skill level 9 in Bows
 14219 | Lair:4   | Reached skill level 9 in Crossbows
 14219 | Lair:4   | Reached skill level 9 in Throwing
 14219 | Lair:4   | Reached skill level 9 in Stealth
 14219 | Lair:4   | Reached skill level 9 in Shields
 14219 | Lair:4   | Reached skill level 9 in Unarmed Combat
 14219 | Lair:4   | Reached skill level 9 in Spellcasting
 14219 | Lair:4   | Reached skill level 9 in Evocations
 14684 | Lair:4   | Found a staircase to the Swamp.
 15304 | Lair:5   | Reached skill level 10 in Invocations
 15335 | Lair:5   | Noticed Snorg
 15341 | Lair:5   | Killed Snorg
 15512 | Lair:6   | Entered Level 6 of the Lair of Beasts
 15764 | Lair:6   | Found a staircase to the Slime Pits.
 15776 | Lair:6   | Noticed Nessos
 15818 | Lair:6   | Killed Nessos
 15955 | Lair:6   | Received a gift from Trog
 16064 | Lair:6   | Reached skill level 8 in Conjurations
 16064 | Lair:6   | Reached skill level 8 in Hexes
 16064 | Lair:6   | Reached skill level 8 in Summonings
 16064 | Lair:6   | Reached skill level 8 in Necromancy
 16064 | Lair:6   | Reached skill level 8 in Translocations
 16064 | Lair:6   | Reached skill level 8 in Transmutations
 16064 | Lair:6   | Reached skill level 8 in Fire Magic
 16064 | Lair:6   | Reached skill level 8 in Ice Magic
 16064 | Lair:6   | Reached skill level 8 in Air Magic
 16064 | Lair:6   | Reached skill level 8 in Earth Magic
 16064 | Lair:6   | Reached skill level 8 in Poison Magic
 16644 | Lair:6   | Reached XP level 15. HP: 116/120 MP: 28/28
 16813 | Lair:6   | Reached ****** piety under Trog
 16871 | Lair:6   | Found a corrupted altar of Lugonu.
 16871 | Lair:6   | Found a one-way gate to the infinite horrors of the Abyss.
 16887 | Lair:6   | Identified the +6 shortbow of Deotihamm {freeze, Int+4}
 17202 | Orc:1    | Entered Level 1 of the Orcish Mines
 17210 | Orc:1    | Received a gift from Trog
 17478 | Orc:2    | Entered Level 2 of the Orcish Mines
 17483 | Orc:2    | Noticed an orc warlord
 17496 | Orc:1    | Reached skill level 11 in Armour
 17496 | Orc:1    | Reached skill level 11 in Dodging
 17548 | Orc:1    | Killed an orc warlord
 17549 | Orc:1    | Reached skill level 10 in Short Blades
 17549 | Orc:1    | Reached skill level 10 in Long Blades
 17549 | Orc:1    | Reached skill level 10 in Maces & Flails
 17549 | Orc:1    | Reached skill level 10 in Polearms
 17549 | Orc:1    | Reached skill level 10 in Staves
 17549 | Orc:1    | Reached skill level 10 in Slings
 17549 | Orc:1    | Reached skill level 10 in Bows
 17549 | Orc:1    | Reached skill level 10 in Crossbows
 17549 | Orc:1    | Reached skill level 10 in Throwing
 17549 | Orc:1    | Reached skill level 10 in Stealth
 17549 | Orc:1    | Reached skill level 10 in Shields
 17549 | Orc:1    | Reached skill level 10 in Unarmed Combat
 17549 | Orc:1    | Reached skill level 10 in Spellcasting
 17549 | Orc:1    | Reached skill level 10 in Evocations
 17692 | Orc:2    | Found Caciavots's Antique Weapon Emporium.
 17706 | Orc:2    | Reached skill level 11 in Invocations
 17713 | Orc:2    | Found Dacah's Antique Armour Shoppe.
 17785 | Orc:2    | Reached skill level 12 in Fighting
 17785 | Orc:2    | Reached skill level 12 in Axes
 17838 | Orc:2    | Found Casim's Book Shop.
 17952 | Orc:2    | Found a staircase to the Elven Halls.
 18136 | Orc:2    | Found Riastrech's General Store.
 18154 | Orc:2    | Bought a potion of heal wounds for 55 gold pieces
 18317 | Orc:1    | Received a gift from Trog
 18623 | Orc:2    | Bought a potion of might for 44 gold pieces
 18623 | Orc:2    | Bought a scroll of blinking for 82 gold pieces
 18639 | Orc:2    | Bought a spiked helmet for 266 gold pieces
 18639 | Orc:2    | Identified the +2 helmet of Ofoimman {Str+3} (You bought it
                  | in a shop on level 2 of the Orcish Mines)
 18735 | D:10     | Bought an amulet of reflection for 420 gold pieces
 20114 | D:13     | Found a snail-covered altar of Cheibriados.
 20748 | D:12     | Reached XP level 16. HP: 100/128 MP: 30/30
 21058 | D:14     | Found a runed translucent gate.
 21058 | D:14     | Found a runed translucent gate.
 21058 | D:14     | Found a runed translucent gate.
 21058 | D:14     | Noticed Ziatichuqu's ghost (journeyman DsFi)
 21058 | D:14     | Noticed Ubbem's ghost (journeyman TrMo)
 21059 | D:14     | Noticed Ysothyrgh's ghost (journeyman GrFi)
 21059 | D:14     | Noticed Ysothyrgh's ghost (journeyman GrFi)
 21306 | D:14     | Reached skill level 9 in Conjurations
 21306 | D:14     | Reached skill level 9 in Hexes
 21306 | D:14     | Reached skill level 9 in Summonings
 21306 | D:14     | Reached skill level 9 in Necromancy
 21306 | D:14     | Reached skill level 9 in Translocations
 21306 | D:14     | Reached skill level 9 in Transmutations
 21306 | D:14     | Reached skill level 9 in Fire Magic
 21306 | D:14     | Reached skill level 9 in Ice Magic
 21306 | D:14     | Reached skill level 9 in Air Magic
 21306 | D:14     | Reached skill level 9 in Earth Magic
 21306 | D:14     | Reached skill level 9 in Poison Magic
 21322 | D:14     | Found a gate to the Vaults.
 21676 | D:13     | Killed Ubbem's ghost
 21727 | D:13     | Killed Ziatichuqu's ghost
 21730 | D:13     | Killed Ysothyrgh's ghost
 21774 | D:14     | Killed Ysothyrgh's ghost
 21921 | D:15     | Entered Level 15 of the Dungeon
 22090 | D:15     | Found a runed translucent door.
 22598 | D:15     | Identified +0 ice dragon scales
 22650 | D:15     | Found a staircase to the Depths.
 22727 | D:15     | Reached skill level 11 in Short Blades
 22727 | D:15     | Reached skill level 11 in Long Blades
 22727 | D:15     | Reached skill level 11 in Maces & Flails
 22727 | D:15     | Reached skill level 11 in Polearms
 22727 | D:15     | Reached skill level 11 in Staves
 22727 | D:15     | Reached skill level 11 in Slings
 22727 | D:15     | Reached skill level 11 in Bows
 22727 | D:15     | Reached skill level 11 in Crossbows
 22727 | D:15     | Reached skill level 11 in Throwing
 22727 | D:15     | Reached skill level 11 in Stealth
 22727 | D:15     | Reached skill level 11 in Shields
 22727 | D:15     | Reached skill level 11 in Unarmed Combat
 22727 | D:15     | Reached skill level 11 in Spellcasting
 22727 | D:15     | Reached skill level 11 in Evocations
 23021 | D:15     | Noticed Ihits's ghost (journeyman DrBe)
 23096 | D:15     | Killed Ihits's ghost
 23097 | D:15     | Reached skill level 12 in Invocations
 23165 | Depths:1 | Entered Level 1 of the Depths
 23177 | Depths:1 | Identified +0 fire dragon scales
 23178 | Depths:1 | Reached skill level 12 in Armour
 23178 | Depths:1 | Reached skill level 12 in Dodging
 23292 | Depths:1 | Noticed a lich
 23308 | Depths:1 | Killed a lich
 23516 | Depths:1 | Received a gift from Trog
 23596 | Depths:1 | Noticed a tentacled monstrosity
 23617 | Depths:1 | Killed a tentacled monstrosity
 23711 | Depths:1 | Reached skill level 13 in Fighting
 23711 | Depths:1 | Reached skill level 13 in Axes
 23731 | Depths:1 | Reached XP level 17. HP: 109/136 MP: 32/32
 23910 | Depths:2 | HP: 19/204 [spriggan air mage/bolt of lightning (38)]
 23915 | Depths:2 | HP: 7/204 [tengu conjurer/bolt of lightning (17)]
 23954 | Depths:2 | Paralysed by a great orb of eyes for 7 turns
 23979 | Depths:2 | Identified +0 shadow dragon scales
 24151 | Depths:1 | Found a gateway to Hell.
 24167 | Depths:1 | Noticed Louise
 24184 | Depths:1 | Killed Louise
 24841 | Depths:1 | Found a one-way gate leading to the halls of Pandemonium.
 25090 | Depths:1 | Found an ancient bone altar of Kikubaaqudgha.
 25309 | Depths:2 | Reached skill level 10 in Conjurations
 25309 | Depths:2 | Reached skill level 10 in Hexes
 25309 | Depths:2 | Reached skill level 10 in Summonings
 25309 | Depths:2 | Reached skill level 10 in Necromancy
 25309 | Depths:2 | Reached skill level 10 in Translocations
 25309 | Depths:2 | Reached skill level 10 in Transmutations
 25309 | Depths:2 | Reached skill level 10 in Fire Magic
 25309 | Depths:2 | Reached skill level 10 in Ice Magic
 25309 | Depths:2 | Reached skill level 10 in Air Magic
 25309 | Depths:2 | Reached skill level 10 in Earth Magic
 25309 | Depths:2 | Reached skill level 10 in Poison Magic
 25416 | Depths:2 | Identified +0 fire dragon scales
 25525 | Depths:2 | Received a gift from Trog
 25533 | Depths:2 | HP: 15/205 [spark wasp (15)]
 25535 | Depths:2 | Slain by a spark wasp

Vanquished Creatures
  A tentacled monstrosity (Depths:1)
  A lich (Depths:1)
  A shadow dragon (Depths:2)
  A tengu reaver (Depths:2)
  The ghost of Ubbem the Grappler, a journeyman TrMo of Wu Jian (D:13)
  An orc warlord (Orc:1)
  A fire giant (Depths:2)
  4 frost giants
  The ghost of Ihits the Bludgeoner, a journeyman DrBe of Trog (D:15)
  A reaper (IceCv)
  Louise (Depths:1)
  7 very ugly things (Depths:2)
  Nessos (Lair:6)
  2 vampire knights
  3 stone giants
  The ghost of Ziatichuqu the Cleaver, a journeyman DsFi of Okawaru (D:13)
  10 spark wasps (Depths:2)
  The ghost of Ysothyrgh the Fighter, a journeyman GrFi of Okawaru (D:13)
  The ghost of Ysothyrgh the Fighter, a journeyman GrFi of Okawaru (D:14)
  An ettin (Depths:1)
  Snorg (Lair:5)
  3 fire dragons
  2 great orbs of eyes (Depths:2)
  7 rakshasas
  4 ice dragons
  2 vault guards (D:14)
  2 spriggan air magi
  5 boulder beetles
  13 hydras
  5 centaur warriors
  A death knight (D:13)
  6 two-headed ogres
  A catoblepas (Lair:2)
  3 deep troll earth magi (Depths:1)
  5 death yaks
  6 vampire magi (Depths:1)
  4 tengu warriors
  3 thrashing horrors (Lair:6)
  3 deep troll shamans
  3 orc high priests (Orc:2)
  A spriggan berserker (Depths:2)
  3 iron trolls (Depths:1)
  A sun demon (Depths:1)
  3 skeletal warriors (D:14)
  2 large abominations (Lair:6)
  2 deep trolls (Depths:1)
  An orange crystal statue (D:11)
  2 deep elf pyromancers
  A phantasmal warrior (D:13)
  2 wizards (Depths:1)
  Pikel (D:4)
  10 ugly things
  An orc sorcerer (Orc:2)
  9 orc knights
  An oklob plant (Lair:3)
  4 cyclopes
  A manticore (shapeshifter) (Depths:1)
  2 manticores
  An elephant (shapeshifter) (Lair:6)
  2 ice statues (IceCv)
  8 black mambas
  A gargoyle (D:12)
  6 elephants (Lair:3)
  A torpor snail (Lair:5)
  An eye of devastation (shapeshifter) (Depths:1)
  20 cane toads
  An orange demon (Depths:1)
  A smoke demon (Lair:6)
  A kobold demonologist (D:11)
  A hellion (Depths:1)
  6 rime drakes
  13 komodo dragons
  A yaktaur (D:12)
  2 freezing wraiths
  7 ice devils (IceCv)
  4 tengu conjurers
  3 ancient zymes (Lair:6)
  6 meliai (D:13)
  8 trolls
  A red devil (Depths:1)
  A polar bear (Lair:5)
  A hornet (D:11)
  A guardian mummy (D:10)
  A tarantella (shapeshifter) (D:14)
  5 dream sheep (Lair:6)
  4 slime creatures (D:12)
  35 blink frogs
  A culicivora (shapeshifter) (Lair:6)
  5 wraiths
  5 wyverns
  A centaur simulacrum (D:12)
  A vampire (D:9)
  3 ynoxinuls (Lair:6)
  9 humans (D:14)
  8 basilisks
  A yak (shapeshifter) (D:14)
  3 fire bats (Depths:1)
  38 yaks
  A basilisk (shapeshifter) (D:14)
  2 chaos spawn
  2 steam dragons
  6 vampire mosquitoes
  3 swamp worms (Lair:4)
  A harpy simulacrum (IceCv)
  18 water moccasins
  3 wargs (Orc:2)
  An acid dragon (D:12)
  Menkaure (D:7)
  44 orc warriors
  2 ice beasts
  The ghost of anonymous the Chopper, an amateur NaGl (D:3)
  3 black bears
  9 wolves
  7 ogres
  5 centaurs
  4 lemures
  10 small abominations (Lair:6)
  7 kobold brigands
  2 gnoll sergeants (D:8)
  Blork the orc (D:4)
  12 bullfrogs
  3 cane toad simulacra (IceCv)
  4 scorpions
  6 wights
  25 killer bees
  An elephant simulacrum (IceCv)
  5 howler monkeys
  6 hounds
  12 orc priests
  2 jellies (D:7)
  14 hell rats
  34 orc wizards
  5 iguanas
  A troll simulacrum (IceCv)
  A polar bear simulacrum (IceCv)
  3 spriggan simulacra (IceCv)
  A wolf simulacrum (IceCv)
  Robin (D:4)
  5 adders
  13 gnolls
  4 naga simulacra (IceCv)
  9 river rats (Lair:2)
  2 shadow imps
  2 white imps
  2 ufetubi (IceCv)
  A dart slug (D:3)
  75 orcs
  10 ball pythons
  8 endoplasms
  4 giant cockroaches
  14 goblins
  16 hobgoblins
  5 jackals
  7 quokkas
  4 bats
  4 frilled lizards
  20 kobolds
  19 rats
878 creatures vanquished.

Vanquished Creatures (others)
  A wizard (Depths:2)
  A human (D:14)
  A killer bee (D:7)
  38 fungi
  50 plants
91 creatures vanquished.

Grand Total: 969 creatures vanquished
